 Dungeon Crawl Stone Soup version 0.28.0 (webtiles) character file.

Game seed: 12454395912468228808

21 AmazingTV the Sneak (level 2, 0/15 HPs)
             Began as a Spriggan Brigand on June 28, 2022.
             Slain by Natasha (7 damage)
             ... on level 2 of the Dungeon.
             The game lasted 00:02:04 (1150 turns).

AmazingTV the Sneak (Spriggan Brigand)              Turns: 1150, Time: 00:02:05

Health: 0/15       AC:  3    Str:  7    XL:     2   Next: 65%
Magic:  3/3        EV: 16    Int: 18    God:
Gold:   26         SH:  0    Dex: 16    Spells: 1/1 levels left

rFire   . . .      SeeInvis +   a - +2 dagger
rCold   . . .      Faith    .   (no shield)
rNeg    . . .      Spirit   .   b - +0 robe
rPois   .          Reflect  .   (helmet restricted)
rElec   .          Harm     .   c - +0 cloak
rCorr   .          Rampage  .   (gloves unavailable)
Will    .....                   (boots unavailable)
Stlth   +++.......              (no amulet)
HPRegen 0.05/turn               h - +6 ring of intelligence
MPRegen 0.08/turn               (no ring)

@: very quick
A: very small, no large weapons, unfitting armour, see invisible, speed 3
a: no special abilities


You were on level 2 of the Dungeon.
You visited 1 branch of the dungeon, and saw 2 of its levels.

You collected 26 gold pieces.

Inventory:

Hand Weapons
 a - a +2 dagger (weapon)
Missiles
 d - 11 poisoned darts (quivered)
 e - 2 curare-tipped darts
 j - 42 stones
Armour
 b - a +0 robe (worn)
 c - a +0 cloak (worn)
Jewellery
 h - a +6 ring of intelligence (left hand)
Scrolls
 f - a scroll of noise {unknown}
 g - 2 scrolls of identify {unknown}
 i - a scroll of enchant armour {unknown}
 k - a scroll of immolation {unknown}
Potions
 l - 2 potions of flight {unknown}


   Skills:
 + Level 1.9 Fighting
 + Level 2.6 Short Blades
 + Level 2.3 Throwing
 - Level 1.3 Dodging
 + Level 6.2 Stealth


You had one spell level left.
You didn't know any spells.
Your spell library contained the following spells:

 Spells                   Type           Power      Damage    Failure   Level
 Foxfire                  Conj/Fire      0%         2x1d4     22%         1
 Conjure Flame            Conj/Fire      0%         6-21      54%         3
 Inner Flame              Hex/Fire       0%         N/A       54%         3
 Flame Wave               Conj/Fire      0%         2d4       91%         4


Dungeon Overview and Level Annotations

Branches:
Dungeon (2/15)

Altars:

Annotations:
D:2 Natasha


Innate Abilities, Weirdness & Mutations

You are very small and have problems with some larger weapons.
You are too small for most types of armour.
You have supernaturally acute eyesight. (SInv)
You cover ground extremely quickly. (Speed+++)


Message History

The kobold is moderately wounded.
The frilled lizard bites you but does no damage.
The kobold misses you.
You hit the kobold.
You kill the kobold!
The frilled lizard bites you.
You hit the frilled lizard.
You kill the frilled lizard!
No target in view!
j - 42 stones (gained 1)
You see here a +0 short sword.
l - 2 fuming emerald potions You see here a +0 short sword.
You see here a ball python corpse.
Done exploring.
Done exploring.
There is a stone staircase leading down here.
You climb downwards.
Natasha hisses angrily.
There is a stone staircase leading up here.
You hit Natasha.
Natasha is lightly wounded.
You hit Natasha.
Natasha is moderately wounded.
Natasha claws you but does no damage.
You hit Natasha.
Natasha is heavily wounded.
Natasha misses you.
You hit Natasha.
Natasha is heavily wounded.
Natasha claws you.
You barely miss Natasha.
Natasha is heavily wounded.
Natasha casts a spell at you. The magic dart hits you.
You are too injured to fight recklessly!
You hit Natasha but do no damage.
Natasha is heavily wounded.
Natasha claws you!
You die...

... #..
# #.# #
#.#.#.#
.#.#.
... #.#
#@# #h#
#..
...#
....
#.....
##....
..r...


You could see Natasha and a quokka (asleep).

Vanquished Creatures
  A giant cockroach (D:1)
  A goblin (D:1)
  A hobgoblin (D:1)
  4 jackals (D:1)
  4 kobolds (D:1)
  A quokka (D:1)
  3 ball pythons (D:1)
  2 frilled lizards (D:1)
  2 rats (D:1)
19 creatures vanquished.

Notes
Turn   | Place    | Note
-------+----------+-------------------------------------------
     0 | D:1      | AmazingTV the Spriggan Brigand began the quest for the Orb.
     0 | D:1      | Reached XP level 1. HP: 10/10 MP: 2/2
   137 | D:1      | Reached skill level 6 in Stealth
   397 | D:1      | Reached XP level 2. HP: 14/15 MP: 3/3
  1144 | D:2      | Noticed Natasha
  1150 | D:2      | Slain by Natasha

Illustrated notes

Levels and vault maps discovered:
D:1:      dpeg_arrival_concentric_ovals, layout_loops_corners,
          patterned_corridor
D:2:      layout_loops_corners, uniq_natasha

Skill      XL: |  1 |
---------------+----+-----
Stealth        | 6 |  6.2
Fighting       | |  1.9
Short Blades   | |  2.6
Throwing       | |  2.3
Dodging        | |  1.3

Action                   || total
-------------------------++-------
Melee: Dagger            ||    59
       Punch             ||     1
 Stab: Sleeping          ||     7
Armor: Robe              ||     9
Dodge: Dodged            ||    43
